 Dungeon Crawl Stone Soup version 0.20.0-14-g326068f (webtiles) character file.

54 tilp the Firebug (level 3, -3/26 HPs)
             Began as a Hill Orc Fire Elementalist on June 8, 2017.
             Slain by a scorpion (7 damage)
             ... on level 3 of the Dungeon.
             The game lasted 00:07:19 (2277 turns).

tilp the Firebug (Hill Orc Fire Elementalist)       Turns: 2277, Time: 00:07:19

Health: -3/26      AC:  2    Str: 10    XL:     3   Next: 91%
Magic:  4/5        EV: 12    Int: 16    God:
Gold:   72         SH:  0    Dex: 11    Spells: 1/5 levels left

rFire    . . .     SeeInvis .   n - +5 dagger
rCold    . . .     Gourm    .   (no shield)
rNeg     . . .     Faith    .   a - +0 robe
rPois    .         Spirit   .   (no helmet)
rElec    .         Reflect  .   (no cloak)
rCorr    .         Harm     .   (no gloves)
MR       .....                  (no boots)
Stlth    ++........             (no amulet)
Regen    0.1/turn               (no ring)
MPRegen  0.1/turn               (no ring)

@: lethally poisoned (-3 -> -26)
A: no striking features
a: no special abilities


You were on level 3 of the Dungeon.
You were not hungry.

You visited 1 branch of the dungeon, and saw 3 of its levels.

You collected 72 gold pieces.

Inventory:

Hand Weapons
 n - a +5 dagger (weapon)
Armour
 a - a +0 robe (worn)
Jewellery
 k - an uncursed ring of wizardry {unknown}
 m - an uncursed ring of resist corrosion {unknown}
Scrolls
 e - a scroll of fear {unknown}
 f - a scroll of enchant armour {unknown}
 i - a scroll of identify {unknown}
Potions
 g - a potion of curing {unknown}
 h - a potion of heal wounds {unknown}
Books
 b - a book of Flames

   Spells                             Type                      Level
   a - Flame Tongue                   Conjuration/Fire             1
   b - Throw Flame                    Conjuration/Fire             2
   c - Conjure Flame                  Conjuration/Fire             3
   d - Inner Flame                    Hexes/Fire                   3
   e - Sticky Flame                   Conjuration/Fire             4
   f - Fireball                       Conjuration/Fire             5
Comestibles
 c - a bread ration
 d - 5 chunks of flesh
 l - a royal jelly


   Skills:
 + Level 1.1 Short Blades
 - Level 1.5 Dodging
 - Level 1.5 Stealth
 * Level 1.9 Spellcasting
 * Level 2.0 Conjurations
 + Level 4.1 Fire Magic


You had one spell level left.
You knew the following spells:

 Your Spells              Type           Power        Failure   Level  Hunger
a - Flame Tongue          Conj/Fire      ##...        6%          1    #......
b - Conjure Flame         Conj/Fire      ##......     19%         3    ###....


Dungeon Overview and Level Annotations

Branches:
Dungeon (3/15)

Altars:
Elyvilon
Fedhas
Gozag
Kikubaaqudgha


Message History

You feel sick.
The scorpion stings you but does no damage.
Casting: Flame Tongue
Confirm with . or Enter, or press ? or * to list all spells.
Aiming: Flame Tongue
Press: ? - help, Shift-Dir - straight line, f - scorpion
Aim: a scorpion (almost dead)
The flame tongue hits the scorpion.
The scorpion appears unharmed.
The scorpion is almost dead.
You feel very sick. The scorpion barely misses you.
You closely miss the scorpion.
The scorpion is almost dead.
* * * LOW HITPOINT WARNING * * *
You feel sick. The scorpion barely misses you.
You hit the scorpion but do no damage.
The scorpion is almost dead.
* * * LOW HITPOINT WARNING * * *
You feel sick. The scorpion stings you!
You die...

.####.. ....)..
s...............
..........#.....
%.......#.....
.............
..%........# ..
........s..#....
........@......#
.......<........
..#.............
.....###.##.#...
#.#. ... .....
... #... ...# ..
#.... #.. .
#....# ## .....


You could see a scorpion.

Vanquished Creatures
  An adder (D:2)
  An ooze (D:1)
  A dart slug (D:1)
  A leopard gecko (D:2)
  5 bats
  3 giant cockroaches (D:1)
  5 goblins
  9 hobgoblins
  3 kobolds (D:1)
  2 ball pythons
  A frilled lizard (D:2)
  3 rats
35 creatures vanquished.

Notes
Turn   | Place    | Note
-------+----------+-------------------------------------------
     0 | D:1      | tilp the Hill Orc Fire Elementalist began the quest for the Orb.
     0 | D:1      | Reached XP level 1. HP: 14/14 MP: 3/3
   350 | D:1      | Reached XP level 2. HP: 18/20 MP: 4/4
  1049 | D:1      | Reached XP level 3. HP: 15/26 MP: 5/5
  1054 | D:1      | Learned a level 3 spell: Conjure Flame
  1524 | D:2      | Reached skill level 4 in Fire Magic
  1880 | D:2      | Found an opulent altar of Gozag.
  2061 | D:2      | Reached skill level 1 in Short Blades
  2093 | D:2      | Found an ancient bone altar of Kikubaaqudgha.
  2093 | D:2      | Found a blossoming altar of Fedhas.
  2134 | D:2      | Found a white marble altar of Elyvilon.
  2266 | D:3      | Noticed a scorpion
  2277 | D:3      | Slain by a scorpion

Skill      XL: |  1  2  3 |
---------------+----------+-----
Fire Magic     | 4 |  4.1
Conjurations   | 2 |  2.0
Short Blades   | 1 |  1.1
Dodging        | |  1.5
Stealth        | |  1.5
Spellcasting   | |  1.9

Action                   || total
-------------------------++-------
Melee: Dagger            ||    99
       Short sword       ||    50
 Cast: Flame Tongue      ||    19
 Stab: Sleeping          ||     3
  Eat: Chunk             ||     5
Armor: Robe              ||    26
Dodge: Dodged            ||   107
